AA
TUCSON CHAMELEONS @ SIOUX CITY EXPLORERS
05/02/2099
 
TOP OF THE 1ST
Milwaukee Milkmen batting - Pitching for Medford Alouettes : RHP Bill Lopez
Pitching: RHP Bill Lopez
Batting: LHB Paul Woodcox 0-0: Called Strike
0-1: DOUBLE (Line Drive, 7LM, EV 103.1 MPH)
Batting: RHB Vance St.john 0-0: Swinging Strike
0-1: Foul Ball, location: 5F
0-2: Foul Ball, location: 5SF
0-2: Fly out, F8 (Flyball, 78M, EV 92.5 MPH)
Batting: RHB Marshall Iles 0-0: Ball
1-0: Called Strike
1-1: Swinging Strike
1-2: Strikes out looking
Batting: LHB Efrain Villanueva 0-0: Ball
1-0: SINGLE (Groundball, 6D, EV 103.1 MPH)
Paul Woodcox to third
Runner from 3rd tries for Home, SAFE, throw by CF to home
Batting: LHB Wally Mayo 0-0: Swinging Strike
0-1: Ball
1-1: Fly out, F4 (Line Drive, 4, EV 69.4 MPH)
Top of the 1st over - 1 run, 2 hits, 0 errors, 1 left on base; Milwaukee 1 - Medford 0
BOTTOM OF THE 1ST
Medford Alouettes batting - Pitching for Milwaukee Milkmen : LHP Jorge Romero
Pitching: LHP Jorge Romero
Batting: RHB Josh Thomas 0-0: Called Strike
0-1: Foul Ball, location: 9LDF
0-2: Ball
1-2: Fly out, F7 (Flyball, 7D, EV 111.3 MPH)
Batting: RHB Paul Holmes 0-0: Called Strike
0-1: SINGLE (Line Drive, 6M, EV 99.4 MPH)
Batting: RHB Brian Steil 0-0: Called Strike
0-1: Ball
1-1: Foul Ball, location: 2F
1-2: Ball
2-2: Ball
Paul Holmes steals 2nd base
3-2: Foul Ball, location: 9LSF
3-2: Strikes out swinging
Batting: LHB Josh Sarchet 0-0: Ball
1-0: Ball
2-0: Foul Ball, location: 2F
2-1: Fly out, F4 (Popup, 4, EV 65.6 MPH)
Bottom of the 1st over - 0 runs, 1 hit, 0 errors, 1 left on base; Milwaukee 1 - Medford 0
TOP OF THE 2ND
Milwaukee Milkmen batting - Pitching for Medford Alouettes : RHP Bill Lopez
Batting: RHB Josh Steele 0-0: Ball
1-0: TRIPLE (Line Drive, 7D, EV 110.0 MPH)
Batting: RHB Trevor Jaap 0-0: Ball
1-0: Foul Ball, location: 2F
1-1: Ball
2-1: Fly out, F7 (Flyball, 7, EV 94.4 MPH)
Runner from 3rd tags up, SCORES, throw by LF
Batting: RHB Kevin Clifford 0-0: Ball
1-0: Called Strike
1-1: Ball
2-1: Called Strike
2-2: Ball
3-2: Ground out 5-3 (Groundball, 56S, EV 70.6 MPH)
Batting: RHB Sergio Ramirez 0-0: Foul Ball, location: 2F
0-1: Swinging Strike
0-2: Strikes out swinging
Top of the 2nd over - 1 run, 1 hit, 0 errors, 0 left on base; Milwaukee 2 - Medford 0
BOTTOM OF THE 2ND
Medford Alouettes batting - Pitching for Milwaukee Milkmen : LHP Jorge Romero
Batting: RHB Rich Lantz 0-0: Ground out 6-3 (Groundball, 6MS, EV 66.3 MPH)
Batting: RHB Bubba Richards 0-0: Ball
1-0: Fly out, F9 (Flyball, 89M, EV 100.6 MPH)
Batting: RHB Willie Morales 0-0: Foul Ball, location: 25FF
0-1: Called Strike
0-2: Ball
1-2: Ball
2-2: Ground out 5-3 (Groundball, 5S, EV 83.1 MPH)
Bottom of the 2nd over - 0 runs, 0 hits, 0 errors, 0 left on base; Milwaukee 2 - Medford 0
TOP OF THE 3RD
Milwaukee Milkmen batting - Pitching for Medford Alouettes : RHP Bill Lopez
Batting: LHB Paul Woodcox 0-0: Ball
1-0: Foul Ball, location: 9LMF
1-1: TRIPLE (Line Drive, 89XD, EV 110.0 MPH)
Batting: RHB Vance St.john 0-0: Foul Ball, location: 2F
0-1: Ball
1-1: Ball
2-1: Ball
3-1: Base on Balls
Batting: RHB Marshall Iles 0-0: Grounds into double play, 4-6-3 (Groundball, 4, EV 93.8 MPH)
Paul Woodcox scores
Batting: LHB Efrain Villanueva 0-0: Ball
1-0: Ball
2-0: Called Strike
2-1: Ball
3-1: Foul Ball, location: 2F
3-2: SINGLE (Popup, 5D, EV 68.1 MPH)
Batting: LHB Wally Mayo 0-0: Swinging Strike
0-1: Foul Ball, location: 9LDF
0-2: Strikes out looking
Top of the 3rd over - 1 run, 2 hits, 0 errors, 1 left on base; Milwaukee 3 - Medford 0
BOTTOM OF THE 3RD
Medford Alouettes batting - Pitching for Milwaukee Milkmen : LHP Jorge Romero
Batting: RHB Keith Adair 0-0: Fly out, F8 (Flyball, 8LM, EV 91.3 MPH)
Batting: RHB Antonio Constante 0-0: Ball
1-0: Foul Ball, location: 2F
1-1: Ball
2-1: Ball
3-1: Base on Balls
Batting: RHB Josh Thomas 0-0: Foul Ball, location: 9LDF
0-1: Swinging Strike
0-2: Grounds into double play, 6-4-3 (Groundball, 6, EV 105.6 MPH)
Bottom of the 3rd over - 0 runs, 0 hits, 0 errors, 0 left on base; Milwaukee 3 - Medford 0
TOP OF THE 4TH
Milwaukee Milkmen batting - Pitching for Medford Alouettes : RHP Bill Lopez
Batting: RHB Josh Steele 0-0: Swinging Strike
0-1: Ground out 6-3 (Groundball, 6, EV 108.8 MPH)
Batting: RHB Trevor Jaap 0-0: SINGLE (Groundball, 34D, EV 101.9 MPH)
Batting: RHB Kevin Clifford 0-0: Ball
1-0: Grounds into double play, 6-4-3 (Groundball, 6, EV 105.0 MPH)
Top of the 4th over - 0 runs, 1 hit, 0 errors, 0 left on base; Milwaukee 3 - Medford 0
BOTTOM OF THE 4TH
Medford Alouettes batting - Pitching for Milwaukee Milkmen : LHP Jorge Romero
Batting: RHB Paul Holmes 0-0: Called Strike
0-1: Called Strike
0-2: Ball
1-2: Ball
2-2: Strikes out swinging
Batting: RHB Brian Steil 0-0: Called Strike
0-1: Ball
1-1: Foul Ball, location: 2F
1-2: Ball
2-2: Ball
3-2: Ground out 4-3 (Groundball, 4D, EV 97.5 MPH)
Batting: LHB Josh Sarchet 0-0: Ground out 4-3 (Groundball, 4, EV 83.1 MPH)
Bottom of the 4th over - 0 runs, 0 hits, 0 errors, 0 left on base; Milwaukee 3 - Medford 0
TOP OF THE 5TH
Milwaukee Milkmen batting - Pitching for Medford Alouettes : RHP Bill Lopez
Pitching: RHP Chris Kowalczyk
Now at 3B: Adam Cohen
Now in LF: David Breaux
Now in RF: Rich Lantz
Batting: RHB Sergio Ramirez 0-0: Fly out, F7 (Flyball, 78M, EV 83.1 MPH)
Pinch Hitting: SHB Victor Facundo 0-0: Foul Ball, location: 3F
0-1: Foul Ball, location: 5SF
0-2: Ball
1-2: Foul Ball, location: 5F
1-2: Ball
2-2: Foul Ball, location: 7LDF
2-2: Foul Ball, location: 25F
2-2: Fly out, F8 (Line Drive, 8RM, EV 96.3 MPH)
Batting: RHB Vance St.john 0-0: Ball
1-0: Ball
2-0: Foul Ball, location: 2F
2-1: Foul Ball, location: 9LSF
2-2: Ball
3-2: Strikes out swinging
Top of the 5th over - 0 runs, 0 hits, 0 errors, 0 left on base; Milwaukee 3 - Medford 0
BOTTOM OF THE 5TH
Medford Alouettes batting - Pitching for Milwaukee Milkmen : LHP Jorge Romero
Now at 1B: Lorenzo Diaz
Now in LF: Dan Lawrence
Now in RF: Kevin Clifford
Batting: RHB Rich Lantz 0-0: Called Strike
0-1: Ground out 6-3 (Groundball, 6, EV 107.5 MPH)
Batting: RHB Bubba Richards 0-0: Swinging Strike
0-1: Called Strike
0-2: Ball
1-2: Ball
2-2: Strikes out swinging
Batting: RHB Willie Morales 0-0: Called Strike
0-1: Ball
1-1: Ball
2-1: Called Strike
2-2: Ball
3-2: SINGLE (Line Drive, 7S, EV 88.1 MPH)
Batting: RHB Keith Adair 0-0: Called Strike
0-1: Fielders Choice at 2nd, 6-4 (Groundball, 6, EV 84.4 MPH)
Bottom of the 5th over - 0 runs, 1 hit, 0 errors, 1 left on base; Milwaukee 3 - Medford 0
TOP OF THE 6TH
Milwaukee Milkmen batting - Pitching for Medford Alouettes : RHP Chris Kowalczyk
Pitching: LHP William Negron
Batting: RHB Dan Lawrence 0-0: Ball
1-0: Swinging Strike
1-1: Swinging Strike
1-2: Ball
2-2: Strikes out swinging
Batting: RHB Jairo Cervantes 0-0: Swinging Strike
0-1: Called Strike
0-2: Strikes out looking
Batting: LHB Wally Mayo 0-0: Foul Ball, location: 2F
0-1: Ball
1-1: Swinging Strike
1-2: Strikes out looking
Top of the 6th over - 0 runs, 0 hits, 0 errors, 0 left on base; Milwaukee 3 - Medford 0
BOTTOM OF THE 6TH
Medford Alouettes batting - Pitching for Milwaukee Milkmen : LHP Jorge Romero
Pitching: LHP David Lorenzo
Batting: RHB Antonio Constante 0-0: Ground out 6-3 (Groundball, 6M, EV 81.3 MPH)
Pinch Hitting: RHB Mark Weisinger 0-0: Ball
1-0: Swinging Strike
1-1: Foul Ball, location: 2F
1-2: Hit by Pitch
Batting: RHB Paul Holmes 0-0: Called Strike
0-1: Ball
1-1: Ball
2-1: Fielders Choice at 2nd, 1-4 (Groundball, 15, EV 66.3 MPH)
Batting: LHB David Breaux 0-0: Called Strike
0-1: Foul Ball, location: 2F
0-2: Foul Ball, location: 9LMF
0-2: Ball
1-2: Strikes out swinging
Bottom of the 6th over - 0 runs, 0 hits, 0 errors, 1 left on base; Milwaukee 3 - Medford 0
TOP OF THE 7TH
Milwaukee Milkmen batting - Pitching for Medford Alouettes : LHP William Negron
Pitching: RHP Alex Aguilar
Now in CF: Mark Weisinger
Pinch Hitting: RHB Rich Landeros 0-0: Ball
1-0: Foul Ball, location: 9LMF
1-1: Ball
2-1: Called Strike
2-2: Foul Ball, location: 2F
2-2: Ball
3-2: Strikes out looking
Batting: RHB Trevor Jaap 0-0: Called Strike
0-1: Ball
1-1: Foul Ball, location: 2F
1-2: Ball
2-2: Fly out, F9 (Flyball, 89M, EV 91.3 MPH)
Pinch Hitting: LHB Joe Merritt 0-0: Called Strike
0-1: Ground out 2-3 (Groundball, 2R, EV 71.3 MPH)
Top of the 7th over - 0 runs, 0 hits, 0 errors, 0 left on base; Milwaukee 3 - Medford 0
BOTTOM OF THE 7TH
Medford Alouettes batting - Pitching for Milwaukee Milkmen : LHP David Lorenzo
Now at 3B: Rich Landeros
Now in RF: Joe Merritt
Batting: RHB Adam Cohen 0-0: Called Strike
0-1: Foul Ball, location: 2F
0-2: Ball
1-2: Foul Ball, location: 9LMF
1-2: Ball
2-2: Foul Ball, location: 7LDF
2-2: Ball
3-2: Base on Balls
Pinch Hitting: SHB Marco Balderas 0-0: Fly out, F8 (Flyball, 8RM, EV 90.6 MPH)
Batting: SHB Matt Collins 0-0: Swinging Strike
0-1: Called Strike
0-2: Ball
1-2: Ball
2-2: Strikes out swinging
Pitching: LHP Jon Skolnick
Batting: RHB Willie Morales 0-0: Ball
1-0: Ground out 5-3 (Groundball, 56S, EV 78.1 MPH)
Bottom of the 7th over - 0 runs, 0 hits, 0 errors, 1 left on base; Milwaukee 3 - Medford 0
TOP OF THE 8TH
Milwaukee Milkmen batting - Pitching for Medford Alouettes : RHP Alex Aguilar
Now in RF: Marco Balderas
Batting: RHB Sergio Ramirez 0-0: Ball
1-0: Swinging Strike
1-1: Ball
2-1: Called Strike
2-2: Foul Ball, location: 2F
2-2: Ball
3-2: Strikes out swinging
Batting: LHB Lorenzo Diaz 0-0: Ball
1-0: Ball
2-0: Called Strike
2-1: Foul Ball, location: 2F
2-2: Strikes out swinging
Batting: RHB Vance St.john 0-0: Ball
1-0: SINGLE (Flyball, 8RS, EV 92.5 MPH)
Batting: RHB Dan Lawrence 0-0: Ball
1-0: Ball
2-0: Foul Ball, location: 5F
2-1: Ball
3-1: Base on Balls
Vance St.john to second
Batting: RHB Jairo Cervantes 0-0: Ball
1-0: Foul Ball, location: 3SF
1-1: Foul Ball, location: 5FF
1-2: Foul Ball, location: 7LMF
1-2: Ball
2-2: Strikes out swinging
Top of the 8th over - 0 runs, 1 hit, 0 errors, 2 left on base; Milwaukee 3 - Medford 0
BOTTOM OF THE 8TH
Medford Alouettes batting - Pitching for Milwaukee Milkmen : LHP Jon Skolnick
Pitching: RHP Brent Crawford
Batting: RHB Keith Adair 0-0: Swinging Strike
0-1: SINGLE (Groundball, 6S, EV 65.0 MPH) (infield hit)
Batting: RHB Antonio Constante 0-0: Swinging Strike
0-1: Foul Ball, location: 2F
0-2: Ball
1-2: Strikes out swinging
Batting: RHB Mark Weisinger 0-0: Called Strike
0-1: Reached on error, E6 (Groundball, 6, EV 101.9 MPH)
Keith Adair to second
Batting: RHB Paul Holmes 0-0: Ball
1-0: Ball
2-0: Ball
3-0: Base on Balls
Keith Adair to third
Mark Weisinger to second
Batting: LHB David Breaux 0-0: Called Strike
0-1: Ball
1-1: Called Strike
1-2: Ball
2-2: Foul Ball, location: 7LSF
2-2: Strikes out swinging
Pitching: RHP Jon Coronado
Batting: RHB Adam Cohen 0-0: Ball
1-0: Ball
2-0: Ball
3-0: Base on Balls
Keith Adair scores
Mark Weisinger to third
Paul Holmes to second
Batting: SHB Marco Balderas 0-0: Fly out, F5 (Line Drive, 5L, EV 75.6 MPH)
Bottom of the 8th over - 1 run, 1 hit, 1 error, 3 left on base; Milwaukee 3 - Medford 1
TOP OF THE 9TH
Milwaukee Milkmen batting - Pitching for Medford Alouettes : RHP Alex Aguilar
Pitching: RHP Juan Silva
Batting: LHB Wally Mayo 0-0: Ball
1-0: Foul Ball, location: 2F
1-1: Ball
2-1: Fly out, F7 (Flyball, 7D, EV 100.0 MPH)
Batting: RHB Rich Landeros 0-0: Swinging Strike
0-1: Ball
1-1: Ball
2-1: Foul Ball, location: 2F
2-2: Ball
3-2: Strikes out looking
Pinch Hitting: LHB Malikai Dare 0-0: Called Strike
0-1: Ball
1-1: Foul Ball, location: 2F
1-2: Ball
2-2: Strikes out swinging
Top of the 9th over - 0 runs, 0 hits, 0 errors, 0 left on base; Milwaukee 3 - Medford 1
BOTTOM OF THE 9TH
Medford Alouettes batting - Pitching for Milwaukee Milkmen : RHP Jon Coronado
Now at C: Malikai Dare
Batting: SHB Matt Collins 0-0: Ball
1-0: Foul Ball, location: 2F
1-1: Ball
2-1: Ball
3-1: Base on Balls
Batting: RHB Willie Morales 0-0: Ball
1-0: Called Strike
1-1: Foul Ball, location: 3F
1-2: Foul Ball, location: 2F
1-2: Fielders Choice at 2nd, 1-6 (Groundball, 23, EV 66.9 MPH)
Batting: RHB Keith Adair 0-0: Ball
1-0: Ball
2-0: Called Strike
2-1: Swinging Strike
2-2: Fly out, F9 (Line Drive, 89S, EV 95.0 MPH)
Pinch Hitting: RHB Benito Ovalle 0-0: Called Strike
0-1: Fly out, F9 (Flyball, 89D, EV 106.3 MPH)
Bottom of the 9th over - 0 runs, 0 hits, 0 errors, 1 left on base; Milwaukee 3 - Medford 1
Sunday, May 5th , 2024 - OOTP Baseball 24.11 Build 85